 Dungeon Crawl Stone Soup version 0.30-a0-879-ga8ba668304 (webtiles) character file.

Game seed: 16929250027587924206

1997 cforsyth the Fighter (level 9, -12/74 HPs)
             Began as a Barachi Fighter on Mar 12, 2023.
             Was a Believer of Cheibriados.
             Killed by divine providence
             ... invoked by an orc priest
              (13 damage)
             ... on level 7 of the Dungeon.
             The game lasted 00:06:59 (5110 turns).

cforsyth the Fighter (Barachi Fighter)              Turns: 5110, Time: 00:07:00

Health: -12/74     AC: 12    Str: 25    XL:     9   Next: 21%
Magic:  9/9        EV: 10    Int: 14    God:    Cheibriados [**....]
Gold:   457        SH:  0    Dex: 15    Spells: 8/8 levels left

rFire   . . .      SeeInvis .    f - +5 battleaxe (freeze)
rCold   . . .      Faith    .    (shield currently unavailable)
rNeg    . . .      Spirit   .    b - +0 scale mail
rPois   .          Reflect  .    h - +0 helmet
rElec   .          Rampage  .    (no cloak)
rCorr   .                        j - +0 pair of gloves
Will    .....                    k - +0 pair of boots Stlth
                                 m - amulet of magic regeneration
HPRegen 0.32/turn                u - ring of wizardry
MPRegen 0.51/turn                (no ring)

@: about to teleport, unable to hop, flying, hasted, slow
A: amphibious, slowness 1, strong legs 1, +LOS
a: Hop, Renounce Religion, Bend Time


You were on level 7 of the Dungeon.
You worshipped Cheibriados.
Cheibriados was pleased with you.
You visited 2 branches of the dungeon, and saw 8 of its levels.

You collected 457 gold pieces.

Inventory:

Hand Weapons
 a - a +0 heavy war axe
 f - a +5 battleaxe of freezing (weapon)
Armour
 b - a +0 scale mail (worn)
 c - a +0 buckler
 h - a +0 helmet (worn)
 j - a +0 pair of gloves (worn)
 k - a +0 pair of boots (worn)
Jewellery
 m - an amulet of magic regeneration (around neck)
 n - a ring of ice
 u - a ring of wizardry (left hand)
Wands
 t - a wand of digging (6)
 y - a wand of charming (8)
 C - a wand of flame (14)
Scrolls
 e - 2 scrolls of brand weapon
 l - a scroll of acquirement {unknown}
 p - a scroll of vulnerability {unknown}
 q - 2 scrolls of identify
 r - a scroll of fear {unknown}
 s - 2 scrolls of silence
 v - 3 scrolls of teleportation
 w - 2 scrolls of magic mapping {unknown}
 z - a scroll of enchant weapon {unknown}
 D - a scroll of amnesia {unknown}
 E - a scroll of noise
Potions
 d - 2 potions of might
 g - a potion of attraction {unknown}
 i - a potion of flight
 o - a potion of curing
 x - a potion of mutation {unknown}
 A - a potion of haste
 B - a potion of heal wounds {unknown}


   Skills:
 + Level 8.2 Fighting
 + Level 7.0 Axes
 + Level 8.2 Armour
 - Level 6.4 Shields


You had 8 spell levels left.
You didn't know any spells.
Your spell library contained the following spells:

 Spells                   Type           Power      Damage    Failure   Level
 Ensorcelled Hibernation  Hex/Ice        0%         N/A       34%         2
 Passwall                 Tmut/Erth      0%         N/A       34%         2
 Swiftness                Air            0%         N/A       56%         3
 Passage of Golubria      Tloc           0%         N/A       91%         4
 Silence                  Hex/Air        0%         N/A       99%         5
 Lehudib's Crystal Spear  Conj/Erth      0%         10d2      100%        8


Dungeon Overview and Level Annotations

Branches:
Dungeon (7/15)             Temple (1/1) D:4

Altars:
Ashenzari
Cheibriados
Dithmenos
Elyvilon
Fedhas
Gozag
Hepliaklqana
Makhleb
Nemelex Xobeh
Okawaru
Qazlal
Ru
Uskayaw
Wu Jian
Xom
Yredelemnul
The Shining One
Jiyva

Shops:
D:1 =   D:2 =   D:3 [   D:4 :   D:6 [

Annotations:
D:6 1 runed translucent door, Crazy Yiuf


Innate Abilities, Weirdness & Mutations

You are amphibious.
You cover ground slowly.
You can hop short distances.
You have an extended range of vision and can be seen from far away.


Message History

The orc priest mumbles some strange prayers to Beogh against you.
Beogh smites you!
You hit the orc warrior but do no damage.
The orc warrior hits you but does no damage.
You hit the orc warrior. You freeze the orc warrior.
The orc warrior is moderately wounded.
The orc warrior barely misses you.
An orc wizard comes into view.
It is wielding a +1 dagger of venom and wearing a +1 robe of willpower.
The orc warrior hits you with a +0 trident!
The orc priest invokes the aid of Beogh against you.
Beogh smites you!
* * * LOW HITPOINT WARNING * * *
You are too injured to fight recklessly!
You are too injured to fight recklessly!
You are too injured to fight recklessly!
You are too injured to fight recklessly!
You are too injured to fight recklessly!
You are too injured to fight recklessly!
You are too injured to fight recklessly!
It was a potion of haste.
You feel yourself speed up.
Cheibriados forgives your accidental hurry, just this once.
The orc warrior hits you with a +0 trident.
* * * LOW HITPOINT WARNING * * *
It was a potion of flight.
You feel very buoyant.
You fly up into the air.
Okay, then.
Unknown command.
Hop to where?
Press: ? - help, Dir - move target Boing!
The orc warrior hits you from afar with a +0 trident.
* * * LOW HITPOINT WARNING * * *
As you read the scroll labelled REL IM TAL NIR, it crumbles to dust.
You feel strangely unstable.
It was a scroll of teleportation.
The orc warrior hits you from afar with a +0 trident!
* * * LOW HITPOINT WARNING * * *
The orc priest mumbles some strange prayers to Beogh against you.
Beogh smites you!
You die...

#.......#.#######..).........
######.......................
#.......#####.#.######..
#.......# #.... ... #.......#
#...## ### #.......# #...#
#.......# ....# ####.##.#
.#.### #.##@# #. #.##○#
#.##o# #.##o# #.##o# #.##o#
#..... #....# ###


You could see an orc warrior, 2 orc priests and an orc wizard.

Vanquished Creatures
  A hornet (D:7)
  A water moccasin (D:5)
  An ice beast (D:6)
  A black bear (D:5)
  A sky beast (D:6)
  2 ogres
  A centaur (D:7)
  A phantom (D:6)
  4 scorpions
  5 wights (D:6)
  2 jellies
  5 hounds
  2 iguanas
  2 sleepcaps
  5 orc wizards
  8 adders
  A white imp (D:5)
  2 ufetubi
  A worm (D:5)
  3 dart slugs
  17 orcs
  5 ball pythons
  3 endoplasms
  2 giant cockroaches
  4 goblins
  9 hobgoblins
  8 jackals
  5 quokkas
  A bat (D:3)
  6 frilled lizards
  4 kobolds
  2 rats (D:2)
115 creatures vanquished.

Vanquished Creatures (others)
  A plant (D:4)
1 creature vanquished.

Grand Total: 116 creatures vanquished

Notes
Turn   | Place    | Note
-------+----------+-------------------------------------------
     0 | D:1      | cforsyth the Barachi Fighter began the quest for the Orb.
     0 | D:1      | Reached XP level 1. HP: 18/18 MP: 1/1
    58 | D:1      | Found Zuidig's Jewellery Shoppe.
   131 | D:1      | Reached XP level 2. HP: 19/25 MP: 2/2
   167 | D:1      | You fall into a shaft and drop 1 floor!
   307 | D:2      | Reached XP level 3. HP: 25/30 MP: 3/3
   509 | D:2      | Found Laic's Jewellery Boutique.
   978 | D:3      | Reached XP level 4. HP: 33/37 MP: 4/4
  1016 | D:3      | Found Heicorch's Armour Boutique.
  1107 | D:3      | Found a white marble altar of Elyvilon.
  1283 | D:3      | Found a faded altar of an unknown god.
  1423 | D:3      | Found an ornate altar of the Wu Jian Council.
  1604 | D:4      | Found Nosimemo's Tremendous Tomes.
  1604 | D:4      | Noticed a scorpion
  1609 | D:4      | Killed a scorpion
  1610 | D:4      | Reached XP level 5. HP: 41/43 MP: 5/5
  1826 | D:4      | Found an iron altar of Okawaru.
  1837 | D:4      | Found a sparkling altar of Nemelex Xobeh.
  1877 | D:4      | Reached skill level 5 in Fighting
  1877 | D:4      | Reached skill level 5 in Armour
  1877 | D:4      | Reached XP level 6. HP: 45/51 MP: 6/6
  1935 | D:4      | Found a staircase to the Ecumenical Temple.
  1953 | Temple   | Entered the Ecumenical Temple
  2255 | Temple   | Became a worshipper of Cheibriados the Contemplative
  2533 | D:5      | Entered Level 5 of the Dungeon
  2533 | D:5      | Found a broken altar of Ashenzari.
  2754 | D:5      | Reached skill level 5 in Shields
  2866 | D:5      | Noticed a water moccasin
  2876 | D:5      | Killed a water moccasin
  2877 | D:5      | Reached XP level 7. HP: 25/57 MP: 7/7
  3350 | D:5      | Reached skill level 5 in Axes
  3408 | D:5      | Reached XP level 8. HP: 61/65 MP: 8/8
  3497 | D:6      | Found a hide-covered altar of Uskayaw.
  3656 | D:6      | Reached * piety under Cheibriados
  3764 | D:6      | Found Kicheph's Antique Armour Emporium.
  4075 | D:6      | Found a runed translucent door.
  4076 | D:6      | Noticed Crazy Yiuf
  4721 | D:6      | Reached XP level 9. HP: 73/73 MP: 9/9
  4891 | D:7      | Noticed a hornet
  4896 | D:7      | Paralysed by a hornet for 1 turns
  4899 | D:7      | Killed a hornet
  4899 | D:7      | Reached ** piety under Cheibriados
  5110 | D:7      | HP: 1/74 [orc warrior/+0 trident (8)]
  5110 | D:7      | Killed from afar by an orc priest

Illustrated notes

Levels and vault maps discovered:
D:1:      saegor_arrival_simple_d, layout_loops_ring, serial_shops, shop,
          nicolae_lakefront_shop, nicolae_shop_stone, shop
D:2:      kennysheep_big_flooded_room, layout_loops_ring, serial_shops,
          nicolae_shop_hallway_stairs, item_on_display_a
D:3:      layout_rooms, nzn_wu_jian_council_hall, nicolae_elyvilon_temple_path,
          serial_rivers, chequers_serial_rivers_marsh,
          chequers_serial_rivers_large_b, chequers_serial_rivers_small_3,
          chequers_serial_rivers_small_3, shapermc_ecumenical_altar_petra,
          serial_shops, shop
D:4:      layout_basic, jmf_multi_god_temple, minmay_temple_entry_mini_moons,
          chequers_big_river, nicolae_shop_i_like_big_books
D:5:      layout_loops_ring, mainiacjoe_overflow_brackets, grunt_decor_junction
D:6:      layout_basic, mainiacjoe_overflow_concentric_impassable, serial_shops,
          nicolae_shop_statue_plus, minmay_joined_circles,
          uniq_crazy_yiuf_cottage
D:7:      layout_basic, minmay_mini_ossuary
Temple:   pf_slime_end_temple

Skill      XL: |  1  2  3  4  5  6  7  8  9 |
---------------+----------------------------+-----
Armour         | 4 5 6 7 8 |  8.2
Fighting       | 4 5 6 7 8 |  8.2
Axes           | 3 4 5 6 7 |  7.0
Shields        | 4 5 6 |  6.4

Action                     |  1- 3 |  4- 6 |  7- 9 || total
---------------------------+-------+-------+-------++-------
  Melee: War axe           |   103 |   111 |   101 ||   315
         Battleaxe         |       |       |    52 ||    52
Ability: Hop               |       |       |     2 ||     2
    Use: Potion            |       |     1 |     6 ||     7
         Scroll            |       |       |     4 ||     4
   Stab: Invisible         |       |       |     1 ||     1
 Armour: Scale mail        |    73 |    69 |    93 ||   235
         Skin              |       |       |     5 ||     5
  Dodge: Dodged            |    73 |    50 |    91 ||   214
  Block: Buckler           |    32 |    29 |    34 ||    95

Table legend: (Time is in decaauts)
 A = Elapsed time spent in this place.
 B = Non-inter-level travel time spent in this place.
 C = Inter-level travel time spent in this place.
 D = Time resting spent in this place.
 E = Time spent auto-exploring this place.
 F = Levels seen in this place.
 G = Mean time per level.
                   A        B        C        D        E       F      G
               +--------+--------+--------+--------+--------+-----+--------+
         Total |   6504 |   6360 |    144 |    322 |   5019 |   8 |  813.0 |
       Dungeon |   6149 |   6044 |    105 |    322 |   4717 |   7 |  878.4 |
        Temple |    355 |    317 |     38 |      0 |    301 |   1 |  355.0 |
               +--------+--------+--------+--------+--------+-----+--------+

Top non-repeatable levels by time:
     D:6: 1857 daAuts
     D:5: 1217 daAuts
     D:2: 875 daAuts
     D:4: 825 daAuts
     D:3: 811 daAuts
     D:7: 365 daAuts
  Temple: 355 daAuts
     D:1: 197 daAuts
